 Dungeon Crawl Stone Soup version 0.23.2 (webtiles) character file.

Game seed: 14166279667290057464

3252 KinonikoII the Carver (level 9, -2/71 HPs)
             Began as a Demonspawn Berserker on Apr 8, 2019.
             Was an Elder of Trog.
             Slain by a porcupine (3 damage)
             ... while petrified by a basilisk
             ... on level 8 of the Dungeon.
             The game lasted 00:23:56 (6800 turns).

KinonikoII the Carver (Demonspawn Berserker)        Turns: 6800, Time: 00:23:57

Health: -2/71      AC: 11    Str: 22    XL:     9   Next: 67%
Magic:  10/10      EV:  2    Int:  8    God:    Trog [****..]
Gold:   431        SH:  0    Dex: 16    Spells: 8/8 levels left

rFire    + . .     SeeInvis .   x - +4 great sword
rCold    . . .     Gourm    .   (shield currently unavailable)
rNeg     + + +     Faith    .   r - +4 leather armour "Emonau" {rN+ rCorr Str+3}
rPois    ∞         Spirit   .   (helmet restricted)
rElec    .         Reflect  .   w - +2 ratskin cloak {+Rats rPois rN+ Str-1 Int-1 Dex+1}
rCorr    +         Harm     .   (no gloves)
MR       .....     Clarity  +   (no boots)
Stlth    +.........             z - amulet of the acrobat
HPRegen  0.21/turn              e - ring of poison resistance
MPRegen  0.12/turn              o - +2 ring of dexterity

@: petrified, berserk cooldown, slowed
A: horns 2, large bone plates 1, blink, clarity, demonic guardian 1, fire
resistance 1, high mp 2, poison resistance, evolution 1
a: Blink, Berserk, Trog's Hand, Brothers in Arms, Renounce Religion, Evoke
Ratskin


You were on level 8 of the Dungeon.
You worshipped Trog.
Trog was greatly pleased with you.
You were not hungry.

You visited 1 branch of the dungeon, and saw 8 of its levels.

You collected 431 gold pieces.

Inventory:

Hand Weapons
 a - a +0 falchion
 j - a +1 long sword of electrocution
 s - a +4 long sword
 u - the +8 dagger of Purpose {drain, *Drain Str+8}
   (You found it on level 6 of the Dungeon)

   A truly terrible weapon, it drains the life of those it strikes.
   It affects your strength (+8).
   It causes draining when unequipped.
 x - a +4 great sword (weapon)
 y - the +4 short sword of the Genius {pierce, rN+}
   (You took it off a wight on level 7 of the Dungeon)

   It inflicts extra damage upon your enemies.
   It protects you from negative energy.
 B - the +10 rapier of Luleos {pierce, Stlth+, unknown}
   (You found it on level 8 of the Dungeon)

   It inflicts extra damage upon your enemies.
   It makes you more stealthy.
Armour
 b - a +0 animal skin
 f - a +0 ring mail
 h - a +0 cloak
 l - a +0 plate armour
 r - the +4 leather armour "Emonau" (worn) {rN+ rCorr Str+3}
   (You found it on level 4 of the Dungeon)

   It affects your strength (+3).
   It protects you from negative energy.
   It provides partial protection from all sources of acid and corrosion.
 v - +0 steam dragon scales
 w - the +2 ratskin cloak (worn) {+Rats rPois rN+ Str-1 Int-1 Dex+1}
   (You found it on level 6 of the Dungeon)

   It affects your strength (-1).
   It affects your intelligence (-1).
   It affects your dexterity (+1).
   It protects you from poison.
   It protects you from negative energy.
Jewellery
 e - a ring of poison resistance (left hand)
 k - an uncursed amulet of guardian spirit
 o - a +2 ring of dexterity (right hand)
 z - an amulet of the acrobat (around neck)
 C - an uncursed ring of wizardry
Wands
 t - a wand of random effects (19)
 D - a wand of flame (7)
Scrolls
 g - 3 scrolls of remove curse
 p - 2 scrolls of teleportation
 q - 4 scrolls of fear
Potions
 d - a potion of might
 i - a potion of brilliance
 m - a potion of resistance
 n - a potion of degeneration
Comestibles
 c - 10 rations
 A - 4 chunks of flesh


   Skills:
 * Level 6.5 Fighting
 * Level 9.5 Long Blades
 * Level 5.5 Armour
 * Level 4.6 Dodging


You had 8 spell levels left.
You didn't know any spells.
Your spell library was empty.

Dungeon Overview and Level Annotations

Branches:
Dungeon (8/15)             Temple (0/1) D:5
   Lair: D:8-11

Altars:
Fedhas
Kikubaaqudgha
Sif Muna
Wu Jian
Xom
Yredelemnul
Zin
The Shining One


Innate Abilities, Weirdness & Mutations

You have a pair of horns on your head.
You are partially covered in large bone plates. (SH +4)
A weak demonic guardian rushes to your aid.
You can translocate small distances at will.
You possess an exceptional clarity of mind.
Your flesh is heat resistant. (rF+)
You have a considerably increased reservoir of magic. (+20% MP)
Your system is resistant to poisons. (rPois)
You evolve.


Message History

The porcupine bites you! The iguana bites you. The porcupine bites you!
* * * LOW HITPOINT WARNING * * *
The porcupine bites you but does no damage.
The porcupine bites you.
* * * LOW HITPOINT WARNING * * *
Your iron imp hits the porcupine!
The crocodile bites you.
* * * LOW HITPOINT WARNING * * *
The porcupine bites you but does no damage.
The iguana barely misses you.
You are no longer berserk.
You feel yourself slow down. The porcupine bites you!
* * * LOW HITPOINT WARNING * * *
The porcupine bites you.
* * * LOW HITPOINT WARNING * * *
The crocodile bites you!!
* * * LOW HITPOINT WARNING * * *
The porcupine completely misses you.
Your iron imp barely misses the porcupine.
The porcupine bites you!
You die...

..##..<...........#
..................#
........)....##.#>##
..##.........# ## ..
..........<..# ..#
...........## . ..
..........### .. .
..........#.##...
.......r@r5....#
......5trl..##...
.........†.#...#
#......$†.......
........#.......
........#.......
....#...#...(..#
...##.#........# ...
###.........


You could see a crocodile, an iguana, 3 porcupines and 2 friendly iron imps.

Vanquished Creatures
  Sigmund (D:6)
  A human (D:7)
  A basilisk (D:8)
  2 yaks (D:7)
  2 hogs (D:7)
  A steam dragon (D:7)
  A porcupine (D:8)
  A sky beast (D:5)
  An orc warrior (D:7)
  2 phantoms
  3 ogres
  A centaur (D:6)
  A bullfrog (D:7)
  A scorpion (D:8)
  4 wights (D:7)
  3 crimson imps
  A centaur zombie (D:5)
  2 quasits (D:7)
  3 orc priests
  2 jellies
  2 orc wizards
  4 iguanas
  A hell rat (D:6)
  A hound skeleton (D:5)
  A howler monkey skeleton (D:5)
  2 gnolls (D:5)
  5 adders
  6 river rats (D:6)
  A shadow imp (D:6)
  2 oozes (D:3)
  2 adder skeletons
  2 worms
  4 dart slugs
  2 leopard geckos
  15 orcs
  6 bats
  5 giant cockroaches
  6 hobgoblins
  5 jackals (D:6)
  2 quokkas (D:7)
  2 ball pythons (D:2)
  3 frilled lizards
  14 goblins
  A jackal skeleton (D:6)
  9 kobolds
  2 leopard gecko zombies
  A quokka skeleton (D:7)
  21 rats
161 creatures vanquished.

Vanquished Creatures (collateral kills)
  An orc warrior (D:7)
  2 sky beasts
  A centaur (D:5)
  2 howler monkeys
  An orc priest (D:7)
  An orc wizard (D:5)
  A gnoll (D:5)
  2 orcs
  A quokka (D:7)
  A rat (D:6)
13 creatures vanquished.

Vanquished Creatures (others)
  A human (D:5)
  4 toadstools (D:1)
5 creatures vanquished.

Grand Total: 179 creatures vanquished

Notes
Turn   | Place    | Note
-------+----------+-------------------------------------------
     0 | D:1      | KinonikoII the Demonspawn Berserker began the quest for the
                  | Orb.
     0 | D:1      | Reached XP level 1. HP: 18/18 MP: 1/1
   158 | D:1      | Gained mutation: You have a pair of small horns on your
                  | head. [demonic ancestry]
   158 | D:1      | Reached XP level 2. HP: 23/24 MP: 2/2
   160 | D:1      | Reached skill level 3 in Long Blades
   968 | D:2      | Reached ** piety under Trog
  1144 | D:2      | Reached XP level 3. HP: 29/29 MP: 3/3
  1445 | D:3      | Gained mutation: A weak demonic guardian rushes to your
                  | aid. [demonic ancestry]
  1445 | D:3      | Reached XP level 4. HP: 30/35 MP: 4/4
  1497 | D:3      | Noticed a sky beast
  1510 | D:3      | Killed a sky beast
  1510 | D:3      | Reached skill level 4 in Long Blades
  1510 | D:3      | Reached XP level 5. HP: 13/41 MP: 0/5
  1722 | D:3      | Found a glowing silver altar of Zin.
  1722 | D:3      | Found a glowing golden altar of the Shining One.
  1791 | D:3      | Found a blossoming altar of Fedhas.
  1850 | D:3      | Found a deep blue altar of Sif Muna.
  1853 | D:3      | Found an ancient bone altar of Kikubaaqudgha.
  2504 | D:4      | Found a shimmering altar of Xom.
  2504 | D:4      | Found a shimmering altar of Xom.
  2505 | D:4      | Found a shimmering altar of Xom.
  2505 | D:4      | Found a shimmering altar of Xom.
  2572 | D:4      | Found a shimmering altar of Xom.
  2577 | D:4      | Found a shimmering altar of Xom.
  2657 | D:4      | Noticed a phantom
  2672 | D:4      | Killed a phantom
  2672 | D:4      | Gained mutation: You have a pair of horns on your head.
                  | [demonic ancestry]
  2672 | D:4      | Reached XP level 6. HP: 39/48 MP: 6/6
  3138 | D:4      | Got a brightly glowing leather armour
  3143 | D:4      | Identified the +4 leather armour "Emonau" {rN+ rCorr Str+3}
                  | (You found it on level 4 of the Dungeon)
  3158 | D:4      | Gained mutation: Your flesh is heat resistant. (rF+)
                  | [potion of mutation]
  3158 | D:4      | Gained mutation: You have an increased reservoir of magic.
                  | (+10% MP) [potion of mutation]
  3158 | D:4      | Gained mutation: You can translocate small distances at
                  | will. [potion of mutation]
  3158 | D:4      | Gained mutation: You evolve. [potion of mutation]
  3234 | D:4      | Gained mutation: Your system is resistant to poisons.
                  | (rPois) [evolution]
  3307 | D:5      | Entered Level 5 of the Dungeon
  3331 | D:5      | Reached skill level 5 in Long Blades
  3458 | D:5      | Found an ancient bone altar of Kikubaaqudgha.
  3461 | D:5      | Noticed a human
  3462 | D:5      | Killed a human
  3506 | D:5      | Found a staircase to the Ecumenical Temple.
  3627 | D:5      | Reached XP level 7. HP: 36/54 MP: 4/7
  3740 | D:5      | Reached *** piety under Trog
  4108 | D:5      | Reached skill level 6 in Long Blades
  4179 | D:5      | Gained mutation: You have a considerably increased
                  | reservoir of magic. (+20% MP) [evolution]
  4414 | D:6      | Noticed Sigmund
  4416 | D:6      | Reached XP level 8. HP: 41/61 MP: 3/9
  4425 | D:6      | Killed Sigmund
  4425 | D:6      | Reached skill level 5 in Fighting
  4704 | D:6      | Found a basalt altar of Yredelemnul.
  4709 | D:6      | Got a pitted dagger
  4776 | D:6      | Found the +2 ratskin cloak {+Rats rPois rN+ Str-1 Int-1
                  | Dex+1}
  4777 | D:6      | Reached skill level 7 in Long Blades
  4878 | D:6      | Reached **** piety under Trog
  5461 | D:7      | Reached skill level 8 in Long Blades
  5461 | D:7      | Reached skill level 5 in Armour
  5465 | D:7      | Gained mutation: You are partially covered in large bone
                  | plates. (SH +4) [demonic ancestry]
  5465 | D:7      | Reached XP level 9. HP: 63/69 MP: 8/10
  5555 | D:7      | Identified the +8 dagger of Purpose {drain, *Drain Str+8}
                  | (You found it on level 6 of the Dungeon)
  5868 | D:7      | HP: 2/69 [orc priest/divine providence (11)]
  6188 | D:7      | Reached skill level 9 in Long Blades
  6191 | D:7      | Identified the +4 short sword of the Genius {pierce, rN+}
  6243 | D:7      | Found an ornate altar of the Wu Jian Council.
  6580 | D:7      | Gained mutation: You possess an exceptional clarity of
                  | mind. [evolution]
  6783 | D:8      | Got a slimy rapier
  6800 | D:8      | HP: 1/71 [crocodile (9)]
  6800 | D:8      | Slain by a porcupine

Skill      XL: |  1  2  3  4  5  6  7  8  9 |
---------------+----------------------------+-----
Long Blades    | 3 4 5 6 8 9 |  9.5
Armour         | 2 3 4 5 |  5.5
Dodging        | 2 3 4 |  4.6
Fighting       | 4 5 6 |  6.5

Action                   |  1- 3 |  4- 6 |  7- 9 || total
-------------------------+-------+-------+-------++-------
Melee: Falchion          |   106 |   102 |       ||   208
       Headbutt          |    19 |    24 |    36 ||    79
       Long sword        |       |    17 |   138 ||   155
       Great sword       |       |       |    18 ||    18
Invok: Berserk           |     2 |     3 |    10 ||    15
       Trog's Hand       |       |     1 |     2 ||     3
       Brothers in Arms  |       |       |     1 ||     1
  Use: Scroll            |     5 |     8 |     3 ||    16
       Potion            |       |     1 |     3 ||     4
 Stab: Sleeping          |       |       |     4 ||     4
       Distracted        |       |       |     1 ||     1
  Eat: Chunk             |     4 |     5 |     7 ||    16
       Ration            |       |     2 |     4 ||     6
Armor: Ring mail         |    35 |    11 |       ||    46
       Plate armour      |       |    35 |       ||    35
       Leather armour    |       |     4 |    57 ||    61
Dodge: Dodged            |    68 |    45 |   106 ||   219
Block: Other             |       |       |    10 ||    10
       Rpst.: Falchion   |    22 |    16 |       ||    38
       Long sword        |       |     1 |    31 ||    32
       Great sword       |       |       |     1 ||     1
